Map: Chain of Ascension

Players

monk

  • Race: Protoss Protoss
  • Spawn Location: 11:00

Curufinwe

  • Race: Terran Terran
  • Spawn Location: 11:00

VOD

Have the link to the VOD?

Description

Time

  • Played on: Sept. 22, 2017, 3:17 a.m.
  • Length: 18:56
Show
View Real Time Build Order
Export as new Build Order

monk Protoss 

Build Orders:  

Get SALT Encoding   

  12  0:03  Probe (Chrono Boost)  
  13  0:16  Probe (Chrono Boost)  
  14  0:27  Probe (Chrono Boost)  
  15  0:38  Probe (Chrono Boost)  
  16  0:43  Gateway  
  16  0:49  Probe (Chrono Boost)  
  18  1:01  Assimilator, Probe (Chrono Boost)  
  18  1:12  Probe (Chrono Boost)  
  18  1:17  Assimilator  
  19  1:23  Probe (Chrono Boost)  
  20  1:34  Probe (Chrono Boost)  
  21  1:45  Probe (Chrono Boost)  
  22  1:50  Cybernetics Core  
  23  2:01  Probe (Chrono Boost)  
  23  2:08  Zealot  
  25  2:12  Probe (Chrono Boost)  
  26  2:23  Probe (Chrono Boost)  
  27  2:34  Probe (Chrono Boost)  
  28  2:44  Probe (Chrono Boost)  
  29  2:50  Zealot  
  29  2:52  Pylon  
  29  2:59  Probe  
  32  3:16  Probe  
  33  3:20  Zealot  
  33  3:28  Zealot  
  37  3:34  Probe  
  38  3:51  Probe  
  39  4:02  Zealot x3  
  39  4:08  Probe  
  46  4:25  Probe  
  46  4:29  Zealot  
  49  4:42  Zealot, Probe  
  50  4:53  Stargate  
  50  4:59  Probe  
  51  5:04  Zealot  
  53  5:15  Probe (Chrono Boost)  
  53  5:17  Zealot  
  49  5:31  Probe (Chrono Boost)  
  49  5:42  Probe (Chrono Boost)  
  49  5:47  Nexus  
  49  5:49  Zealot  
  52  6:04  Probe (Chrono Boost)  
  52  6:07  Fleet Beacon  
  49  6:15  Probe (Chrono Boost)  
  49  6:16  Assimilator  
  50  6:22  Assimilator  
  50  6:25  Protoss Air Weapons Level 1 (Chrono Boost)  
  50  6:26  Probe (Chrono Boost)  
  51  6:38  Probe (Chrono Boost)  
  52  6:49  Probe (Chrono Boost)  
  54  7:00  Probe (Chrono Boost)  
  55  7:11  Probe (Chrono Boost)  
  55  7:22  Probe (Chrono Boost)  
  56  7:39  Tempest  
  58  7:44  Probe (Chrono Boost)  
  56  7:51  Probe (Chrono Boost)  
  56  7:55  Tempest, Probe (Chrono Boost)  
  59  8:12  Tempest  
  63  8:20  Disintegration  
  63  8:35  Twilight Council  
  63  8:43  Stargate  
  63  8:52  Tempest  
  67  9:15  Tempest  
  71  9:39  Protoss Air Weapons Level 2 (Chrono Boost)  
  71  9:41  Zealot  
  71  9:46  Zealot  
  75  9:54  Zealot  
  75  9:58  Probe  
  73  10:09  Tempest  
  75  10:11  Whirlwind (Chrono Boost)  
  75  10:15  Probe  
  72  10:27  Pylon  
  71  10:32  Probe  
  71  10:35  Tempest  
  76  10:49  Probe  
  77  10:53  Tempest  
  81  11:06  Probe  
  82  11:11  Gateway  
  82  11:15  Gateway  
  82  11:19  Gateway  
  82  11:21  Charge (Chrono Boost)  
  82  11:42  Tempest  
  86  12:07  Tempest  
  90  12:21  Gateway  
  90  12:23  Gateway  
  90  12:25  Zealot x5  
  90  12:29  Protoss Air Weapons Level 3  
  100  12:46  Zealot x2  
  92  13:17  Tempest x3  
  102  14:18  Tempest  
  102  14:40  Tempest  
  106  15:14  Tempest  
  110  15:23  Zealot  
  112  15:45  Tempest  
  112  15:46  Zealot  
  112  15:47  Zealot  
  120  15:57  Zealot x6  
  120  15:58  Zealot x6  
  144  16:01  Tempest  
  142  16:30  Zealot  
  142  16:41  Tempest  
  142  16:51  Tempest  
  146  17:19  Tempest  
  136  17:30  Zealot  
  136  17:31  Zealot x9  
  116  18:22  Tempest x2  
  116  18:25  Zealot x3  
Show
View Real Time Build Order
Export as new Build Order

Curufinwe Terran 

Build Orders:  

Get SALT Encoding   

Tags
 
Add a new tag
Caveats
  • Supply blocks, unpowered buildings, or Contaminate may cause inaccurate times.
  • Supply counts are checked every 10 seconds.